 Dungeon Crawl Stone Soup version 0.23-a0-182-g58cdd98 (webtiles) character file.

7096 HerrDoktor the Spear-Bearer (level 10, -7/79 HPs)
             Began as a Demonspawn Monk on Sept 20, 2018.
             Was a High Priest of Wu Jian.
             Mangled by an orc warrior
             ... wielding a +0 flail
              (17 damage)
             ... on level 10 of the Dungeon.
             The game lasted 00:53:01 (11353 turns).

HerrDoktor the Spear-Bearer (Demonspawn Monk)      Turns: 11353, Time: 00:53:02

Health: -7/79      AC: 10    Str: 13    XL:     10   Next: 84%
Magic:  10/10      EV: 15    Int: 12    God:    Wu Jian [*****.]
Gold:   344        SH:  8    Dex: 19    Spells: 9/9 levels left

rFire    + . .     SeeInvis .   E - +0 halberd
rCold    x . .     Gourm    .   (shield currently unavailable)
rNeg     . . .     Faith    +   s - +0 ring mail
rPois    .         Spirit   .   (helmet restricted)
rElec    .         Reflect  .   x - +0 cloak
rCorr    .         Harm     .   G - +0 pair of gloves
MR       .....                  B - +0 pair of boots
Stlth    ++........             y - amulet of faith
HPRegen  0.23/turn              i - ring of fire
MPRegen  0.12/turn              H - +2 ring of dexterity

@: studying Staves
A: horns 1, large bone plates 3, demonic guardian 1, spiny 1
a: Wall Jump, Serpent's Lash, Heavenly Storm, Renounce Religion


You were on level 10 of the Dungeon.
You worshipped Wu Jian.
Wu Jian was extremely pleased with you.
You were very hungry.

You visited 2 branches of the dungeon, and saw 11 of its levels.
You also visited: Sewer.

You collected 344 gold pieces.

Inventory:

Hand Weapons
 a - a +0 spear
 E - a +0 halberd (weapon)
 I - a +0 glaive
Missiles
 g - 320 stones
 p - a tomahawk of returning (quivered)
 L - 4 tomahawks
Armour
 b - a +0 robe
 h - a +0 troll leather armour
 j - a +0 leather armour
 s - a +0 ring mail (worn)
 v - the +1 helmet "Veffos" {rC++ Int-2}
   (You found it on level 4 of the Dungeon)

   It affects your intelligence (-2).
   It greatly protects you from cold.
 x - a +0 cloak (worn)
 B - a +0 pair of boots (worn)
 G - a +0 pair of gloves (worn)
Jewellery
 i - a ring of fire (left hand)
 l - an uncursed ring of positive energy
 y - an amulet of faith (around neck)
 H - a +2 ring of dexterity (right hand)
Wands
 D - a wand of random effects (25)
 M - a wand of polymorph (14)
Scrolls
 f - 2 scrolls of fog
 n - 10 scrolls of teleportation
 o - 5 scrolls of remove curse
 q - 3 scrolls of random uselessness
 r - 5 scrolls of identify
 w - 2 scrolls of fear
 K - 2 scrolls of magic mapping
 O - a scroll of enchant weapon {unknown}
Potions
 d - a potion of might
 e - 3 potions of flight
 k - a potion of agility
 m - 3 potions of mutation
 t - 3 potions of heal wounds
 u - 2 potions of haste
 z - 2 potions of invisibility
 A - 2 potions of brilliance {unknown}
 C - a potion of berserk rage {unknown}
 F - a potion of magic {unknown}
 J - a potion of lignification {unknown}
Books
 N - a manual of Staves
Comestibles
 c - 15 rations


   Skills:
 + Level 7.1 Fighting
 + Level 10.9 Polearms
 + Level 6.4 Armour
 + Level 6.0 Dodging
 + Level 4.6 Stealth
 + Level 0.1 Evocations


You had 9 spell levels left.
You didn't know any spells.
Your spell library was empty.

Dungeon Overview and Level Annotations

Branches:
Dungeon (10/15)            Temple (1/1) D:4             Orc (0/2) D:9
   Lair: D:8-11

Altars:
Ashenzari
Cheibriados
Dithmenos
Elyvilon
Fedhas
Gozag
Hepliaklqana
Kikubaaqudgha
Makhleb
Nemelex Xobeh
Okawaru
Qazlal
Ru
Sif Muna
Trog
Uskayaw
Vehumet
Wu Jian
Xom
Yredelemnul
Zin
The Shining One

Shops:
D:5 (%(*

Annotations:
D:6 1 runed door, KristoblXynda's ghost, novice TrWz


Innate Abilities, Weirdness & Mutations

You have a pair of small horns on your head.
You are completely covered in large bone plates. (SH +8)
A weak demonic guardian rushes to your aid.
You are partially covered in sharp spines.


Message History

Your shadow imp closely misses the orc warrior.
The orc warrior hits your shadow imp with a flail!!
Your shadow imp dies!
The orc warrior shouts!
Throwing (i - inventory. (/) - cycle)
p - 3 tomahawks of returning (quivered)
Press: ? - help, Shift-Dir - straight line, f/p - orc warrior
Aim: an orc warrior, wielding a flail and wearing a plate armour (heavily You throw a tomahawk of returning.
The tomahawk of returning hits the orc warrior but does no damage.
The orc warrior is heavily wounded.
The tomahawk of returning fails to return to your pack!
Throwing (i - inventory. (/) - cycle)
p - 2 tomahawks of returning (quivered)
Press: ? - help, Shift-Dir - straight line, f/p - orc warrior
Aim: an orc warrior, wielding a flail and wearing a plate armour (heavily You throw a tomahawk of returning.
The tomahawk of returning hits the orc warrior but does no damage.
The orc warrior is heavily wounded.
The tomahawk of returning fails to return to your pack!
The orc warrior hits you with a flail!
You die...

#..........#
#.#..####..#
...#..####..#
#.........<...##
.............†.#
#.......####.(.#
....#..# #(..#
....#.# #o..#
#@..# #...#
......# .......#
#######.# .# #


You could see an orc warrior.

Vanquished Creatures
  A two-headed ogre (D:9)
  A death yak (D:10)
  A hippogriff (D:8)
  A wyvern (D:9)
  6 yaks (D:9)
  Grum (D:8)
  2 sky beasts (D:8)
  A black bear (D:8)
  4 orc warriors
  4 ogres
  4 wolves (D:8)
  2 centaurs
  3 bullfrogs
  A scorpion (D:4)
  5 wights (D:6)
  4 killer bees (D:9)
  4 crimson imps
  A bullfrog zombie (D:8)
  A jelly (D:10)
  A bullfrog skeleton (D:5)
  3 orc priests
  6 hounds
  12 orc wizards
  2 worker ants
  2 iguanas
  A gnoll (D:4)
  10 adders
  A howler monkey skeleton (D:6)
  2 oozes (Sewer)
  2 adder zombies
  2 adder skeletons
  3 dart slugs
  2 worms
  3 leopard geckos
  29 orcs
  3 ball pythons
  15 bats
  6 giant cockroaches
  6 goblins
  10 hobgoblins
  15 jackals
  10 kobolds
  3 quokkas
  6 frilled lizards
  2 leopard gecko zombies
  13 rats
217 creatures vanquished.

Vanquished Creatures (collateral kills)
  Harold (D:8)
  A centaur zombie (D:8)
  A spriggan (D:7)
  A water moccasin (D:9)
  2 ice beasts (D:8)
  2 ogres
  A bullfrog (D:6)
  A killer bee (D:9)
  An orc priest (D:5)
  3 orc wizards
  A worker ant (D:8)
  3 gnolls (D:4)
  2 orcs (D:5)
  A ball python (D:4)
21 creatures vanquished.

Grand Total: 238 creatures vanquished

Notes
Turn   | Place    | Note
-------+----------+-------------------------------------------
     0 | D:1      | HerrDoktor the Demonspawn Monk began the quest for the Orb.
     0 | D:1      | Reached XP level 1. HP: 18/18 MP: 1/1
   387 | D:1      | Gained mutation: You are partially covered in large bone
                  | plates. (SH +4) [demonic ancestry]
   387 | D:1      | Reached XP level 2. HP: 24/24 MP: 2/2
   645 | D:1      | Reached skill level 3 in Polearms
  1428 | D:2      | Gained mutation: A weak demonic guardian rushes to your
                  | aid. [demonic ancestry]
  1428 | D:2      | Reached XP level 3. HP: 22/29 MP: 3/3
  1462 | D:2      | You fall through a shaft!
  1943 | D:2      | Reached skill level 1 in Armour
  1943 | D:2      | Gained mutation: You are partially covered in sharp spines.
                  | [demonic ancestry]
  1943 | D:2      | Reached XP level 4. HP: 30/35 MP: 4/4
  2734 | D:3      | Found a shadowy altar of Dithmenos.
  2974 | D:3      | Gained mutation: You are mostly covered in large bone
                  | plates. (SH +6) [demonic ancestry]
  2974 | D:3      | Reached XP level 5. HP: 42/42 MP: 5/5
  3363 | D:4      | Got a distressingly furry helmet
  3412 | D:4      | Reached skill level 4 in Polearms
  3434 | D:4      | Found a glowing drain.
  3449 | Sewer    | Entered a sewer
  3807 | Sewer    | Identified the +1 helmet "Veffos" {rC++ Int-2} (You found
                  | it on level 4 of the Dungeon)
  4254 | D:4      | Found a staircase to the Ecumenical Temple.
  4277 | D:4      | Gained mutation: You are completely covered in large bone
                  | plates. (SH +8) [demonic ancestry]
  4277 | D:4      | Reached XP level 6. HP: 26/48 MP: 6/6
  4411 | Temple   | Entered the Ecumenical Temple
  4703 | Temple   | Became a worshipper of the Wu Jian Council
  4703 | Temple   | Reached * piety under Wu Jian
  4703 | Temple   | Reached ** piety under Wu Jian
  4885 | D:5      | Entered Level 5 of the Dungeon
  5096 | D:5      | Found Qooph's Assorted Antiques.
  5141 | D:5      | Found Fiankeob's Antique Weapon Boutique.
  5193 | D:5      | Found Ovif's Food Boutique.
  5415 | D:5      | Found Urusorag's Weapon Emporium.
  5615 | D:5      | Found a stormy altar of Qazlal.
  5769 | D:5      | Found a burning altar of Makhleb.
  5769 | D:5      | Found a white marble altar of Elyvilon.
  5774 | D:5      | Found a glowing golden altar of the Shining One.
  5776 | D:5      | Found a shattered altar of Ashenzari.
  5777 | D:5      | Found a blossoming altar of Fedhas.
  5971 | D:6      | Gained mutation: You have a pair of small horns on your
                  | head. [demonic ancestry]
  5971 | D:6      | Reached XP level 7. HP: 54/54 MP: 7/7
  6002 | D:6      | Reached skill level 5 in Polearms
  6217 | D:6      | Found an opulent altar of Gozag.
  6448 | D:6      | Reached XP level 8. HP: 61/61 MP: 8/8
  6519 | D:6      | Found a runed door.
  6524 | D:6      | Found a shimmering altar of Xom.
  6524 | D:6      | Noticed KristoblXynda's ghost (novice TrWz)
  6537 | D:6      | Noticed a rapier of chaos
  6872 | D:7      | Reached *** piety under Wu Jian
  6882 | D:7      | Reached skill level 6 in Polearms
  7472 | D:7      | Found a burning altar of Makhleb.
  7601 | D:8      | Noticed Harold
  7661 | D:7      | Reached skill level 7 in Polearms
  8052 | D:8      | Killed Harold
  8052 | D:8      | Reached skill level 5 in Fighting
  8052 | D:8      | Reached skill level 5 in Armour
  8052 | D:8      | Reached XP level 9. HP: 42/68 MP: 9/9
  8259 | D:8      | Reached skill level 8 in Polearms
  8486 | D:8      | Noticed Grum
  8498 | D:8      | Killed Grum
  8515 | D:8      | Reached **** piety under Wu Jian
  8809 | D:8      | Reached skill level 9 in Polearms
  9295 | D:8      | Reached skill level 5 in Dodging
  9335 | D:8      | Reached XP level 10. HP: 29/76 MP: 10/10
  9891 | D:9      | Reached skill level 10 in Polearms
 10279 | D:9      | Reached ***** piety under Wu Jian
 10369 | D:9      | Noticed a two-headed ogre
 10417 | D:9      | Killed a two-headed ogre
 10851 | D:9      | Found a staircase to the Orcish Mines.
 11246 | D:10     | Entered Level 10 of the Dungeon
 11285 | D:10     | Noticed a death yak
 11342 | D:10     | Killed a death yak
 11353 | D:10     | Mangled by an orc warrior

Vault maps used:
D:1:      matt_arrival_spirals
D:2:      serial_bayou, serial_bayou_lagoon_b, serial_bayou_pond_d,
          serial_bayou_pond_a, serial_bayou_pond_a
D:3:      grunt_dithmenos_smoke_and_mirrors
D:4:      minmay_temple_entry_statues_fountains, portal_sewer_entry_a
D:5:      chequers_temple_overflow_minitemple, serial_shops, nicolae_shop_trees,
          nicolae_shop_crystal, shop, shop, first_ration, grunt_qazlal_sundering
D:6:      ebering_ghost_xom, basic_altar
D:7:      the_bakery, makhleb_heckhound_becter
D:8:      uniq_harold, uniq_grum
D:9:      orc_0_dummy
D:10:     dpeg_lair_monsters, basic_altar, enter_bailey_2,
          nemelex_diamond_rough_becter
Temple:   regret_index_temple_sphere_string
Sewer:    sewer_fruit_machine

Skill      XL: |  1  2  3  4  5  6  7  8  9 10 |
---------------+-------------------------------+-----
Polearms       | 3 4 5 7 9 10 | 10.9
Stealth        | 2 3 4 |  4.6
Armour         | 1 2 4 5 6 |  6.4
Dodging        | 3 4 5 6 |  6.0
Fighting       | 4 5 6 7 |  7.1
Evocations     | |  0.1

Action                   |  1- 3 |  4- 6 |  7- 9 | 10-12 || total
-------------------------+-------+-------+-------+-------++-------
Melee: Spear             |   210 |   308 |    15 |       ||   533
       Halberd           |       |       |   180 |   174 ||   354
       Headbutt          |       |       |    53 |    39 ||    92
       Glaive            |       |       |    80 |       ||    80
Throw: Tomahawk          |     3 |     3 |    14 |    14 ||    34
       Stone             |     2 |       |       |       ||     2
Invok: Wall Jump         |       |     1 |    23 |     7 ||    31
       Whirlwind         |       |       |    18 |    28 ||    46
       Lunge             |       |       |    11 |     8 ||    19
 Abil: Wall Jump         |       |       |     1 |       ||     1
Evoke: Wand              |       |       |     1 |       ||     1
  Use: Scroll            |     6 |     6 |     3 |     1 ||    16
       Potion            |       |     1 |       |       ||     1
 Stab: Sleeping          |    12 |     6 |     2 |     1 ||    21
       Distracted        |       |     2 |     2 |       ||     4
  Eat: Ration            |     1 |     1 |       |     1 ||     3
       Chunk             |       |    10 |    11 |     2 ||    23
Armor: Troll leather arm |    18 |     1 |       |       ||    19
       Robe              |     2 |       |       |       ||     2
       Ring mail         |       |    42 |    61 |    30 ||   133
Dodge: Dodged            |    72 |    94 |   105 |    55 ||   326
Block: Other             |    23 |    50 |    87 |    44 ||   204

Table legend:
 A = Non-vault XP
 B = Vault XP
 C = Vault XP percentage of total XP
 D = Non-vault monster count
 E = Vault monster count
 F = Vault count percentage of total count
                 A         B        C        D         E       F
            +---------+---------+-------+---------+---------+-------
      Total |    7673 |    2465 |  24.3 |     209 |      29 |  12.2
            +---------+---------+-------+---------+---------+-------
        D:1 |      39 |       0 |   0.0 |      26 |       0 |   0.0
        D:2 |      76 |       0 |   0.0 |      23 |       0 |   0.0
        D:3 |      84 |       0 |   0.0 |      25 |       0 |   0.0
        D:4 |     173 |       2 |   1.1 |      12 |       2 |  14.3
        D:5 |     326 |       0 |   0.0 |      12 |       0 |   0.0
        D:6 |     849 |       0 |   0.0 |      25 |       0 |   0.0
        D:7 |     577 |     259 |  31.0 |      16 |       2 |  11.1
        D:8 |    1912 |    1442 |  43.0 |      32 |       6 |  15.8
        D:9 |    3512 |       0 |   0.0 |      36 |       0 |   0.0
       D:10 |     125 |     723 |  85.3 |       2 |       2 |  50.0
      Sewer |       0 |      39 | 100.0 |       0 |      17 | 100.0
            +---------+---------+-------+---------+---------+-------
